 Dungeon Crawl Stone Soup version 0.21-a0-143-g1ab7d47 (webtiles) character file.

11 drasked the Skirmisher (level 2, 0/27 HPs)
             Began as a Hill Orc Monk on July 25, 2017.
             Succumbed to a goblin's poison
             ... on level 1 of the Dungeon.
             The game lasted 00:00:38 (296 turns).

drasked the Skirmisher (Hill Orc Monk)               Turns: 296, Time: 00:00:39

Health: 0/27       AC:  2    Str: 13    XL:     2   Next: 25%
Magic:  2/2        EV: 13    Int: 10    God:
Gold:   11         SH:  0    Dex: 13    Spells: 1/1 levels left

rFire    . . .     SeeInvis .   a - +0 mace
rCold    . . .     Gourm    .   (no shield)
rNeg     . . .     Faith    .   b - +0 robe
rPois    .         Spirit   .   (no helmet)
rElec    .         Reflect  .   (no cloak)
rCorr    .         Harm     .   (no gloves)
MR       .....                  (no boots)
Stlth    ++........             (no amulet)
HPRegen  0.09/turn              (no ring)
MPRegen  0.08/turn              (no ring)

@: lethally poisoned (0 -> -12)
A: no striking features
a: no special abilities


You were on level 1 of the Dungeon.
You were not hungry.

You visited 1 branch of the dungeon, and saw 1 of its levels.

You collected 11 gold pieces.

Inventory:

Hand Weapons
 a - a +0 mace (weapon)
Armour
 b - a +0 robe (worn)
Scrolls
 e - a scroll of enchant weapon {unknown}
Comestibles
 c - a bread ration {@e1}
 d - a fruit


   Skills:
 + Level 3.9 Fighting
 + Level 3.7 Maces & Flails
 - Level 2.4 Dodging
 - Level 1.5 Stealth


You had one spell level left.
You didn't know any spells.

Dungeon Overview and Level Annotations

Branches:
Dungeon (1/15)

Altars:


Message History

The kobold throws a stone.
The stone closely misses you.
A kobold comes into view. It is wielding a whip.
The kobold throws a stone.
The stone misses you.
The kobold moves out of view.
The kobold shouts!
The kobold throws a stone.
The stone closely misses you.
The kobold throws a stone.
The stone barely misses you. The kobold hits you.
You take 1 damage, and have 19/20 hp.
You hit the kobold.
You kill the kobold!
You have reached level 2!
The kobold hits you but does no damage.
You regained 7 hp, and now have 26/27 hp.
MP restored: 2 You sock the kobold!
You kill the kobold!
No target in view!
No target in view!
No target in view!
No target in view!
No target in view!
e - a scroll labeled WUHOC MOVEAPAU Health restored: 27 A kobold comes into view.
A kobold is nearby!
A goblin comes into view. It is wielding a dagger of venom.
The kobold shouts!
You barely miss the kobold. The kobold barely misses you.
You closely miss the kobold. The kobold hits you.
You take 1 damage, and have 26/27 hp.
You hit the kobold. The kobold closely misses you.
You hit the kobold but do no damage. The kobold barely misses you.
The kobold hits you. The goblin hits you but does no damage.
You take 1 damage, and have 25/27 hp.
You hit the kobold but do no damage. The kobold hits you.
The goblin barely misses you.
You take 1 damage, and have 24/27 hp.
You closely miss the kobold. The kobold closely misses you.
The goblin completely misses you.
You closely miss the kobold. The kobold hits you.
The goblin hits you with a dagger of venom.
You are poisoned.
You take 4 damage, and have 21/27 hp.
You closely miss the kobold.
You feel sick. The kobold hits you. The goblin closely misses you.
You take 2 damage, and have 19/27 hp.
You hit the kobold but do no damage.
You feel sick. The kobold barely misses you.
The goblin hits you with a dagger of venom.
You are more poisoned.
The kobold closely misses you. The goblin closely misses you.
You take 3 damage, and have 16/27 hp.
You hit the kobold.
You kill the kobold!
You feel sick. The goblin closely misses you.
You take 1 damage, and have 15/27 hp.
You closely miss the goblin.
You feel sick. The goblin hits you but does no damage.
You are lethally poisoned!
You take 1 damage, and have 14/27 hp.
You hit the goblin.
You feel sick. The goblin barely misses you.
You take 1 damage, and have 13/27 hp.
Unknown command.
You barely miss the goblin.
You feel sick.
The goblin hits you with a dagger of venom.
You are more poisoned.
You take 3 damage, and have 10/27 hp.
You hit the goblin.
You kill the goblin!
* * * LOW HITPOINT WARNING * * *
You feel sick.
You take 2 damage, and have 8/27 hp.
You aren't carrying any potions.
Unknown command.
You aren't carrying any potions.
You aren't carrying any potions.
* * * LOW HITPOINT WARNING * * *
You feel sick.
Things that are here:
a dagger of venom; a goblin corpse You take 1 damage, and have 7/27 hp.
* * * LOW HITPOINT WARNING * * *
You feel sick.
You see here a scroll labeled PYOKHL GATUOPI.
You take 1 damage, and have 6/27 hp.
Okay, then.
There is a lethal amount of poison in your body!
* * * LOW HITPOINT WARNING * * *
You feel sick.
You take 1 damage, and have 5/27 hp.
* * * LOW HITPOINT WARNING * * *
You feel sick.
You take 1 damage, and have 4/27 hp.
* * * LOW HITPOINT WARNING * * *
You feel sick.
You take 2 damage, and have 2/27 hp.
* * * LOW HITPOINT WARNING * * *
You feel sick.
You take 1 damage, and have 1/27 hp.
You die...

#. #.##....
#.#########.##....
#............###+#
#............+
#...........)#
#.....?).....#
#............#
#............#
#@############ #.#
#.# #$. ###


There were no monsters in sight!

Vanquished Creatures
  3 goblins (D:1)
  2 hobgoblins (D:1)
  3 kobolds (D:1)
  2 rats (D:1)
10 creatures vanquished.

Notes
Turn   | Place    | Note
-------+----------+-------------------------------------------
     0 | D:1      | drasked the Hill Orc Monk began the quest for the Orb.
     0 | D:1      | Reached XP level 1. HP: 19/19 MP: 1/1
   252 | D:1      | Reached XP level 2. HP: 26/27 MP: 2/2
   291 | D:1      | HP: 6/27 [poisoned by a goblin]
   294 | D:1      | HP: 2/27 [poisoned by a goblin]
   296 | D:1      | Succumbed to a goblin's poison

Vault maps used:
D:1:      tarquinn_simple_flora_water_f

Action                   || total
-------------------------++-------
Melee: Mace              ||    37
 Stab: Sleeping          ||     1
Armor: Robe              ||     5
Dodge: Dodged            ||    26

Vault maps used:
D:1:      tarquinn_simple_flora_water_f

Table legend:
 A = Turns spent in this place as a percentage of turns spent in the entire game.
 B = Non-inter-level travel turns spent in this place as a percentage of non-inter-level travel turns spent in the entire game.
 C = Inter-level travel turns spent in this place as a percentage of turns spent in this place.
 D = Turns resting spent in this place as a percentage of non-inter-level travel turns spent in this place.
 E = Turns spent auto-exploring this place as a percentage of non-inter-level travel turns spent in this place.
 F = Non-inter-level travel turns spent in this place divided by the number of levels of this place that you've seen.
                   A       B       C       D       E      F
               +-------+-------+-------+-------+-------+----------------------
         Total | 100.0 | 100.0 |   0.0 |   1.6 |   8.8 | 125.0
       Dungeon | 100.0 | 100.0 |   0.0 |   1.6 |   8.8 | 125.0
               +-------+-------+-------+-------+-------+----------------------

Table legend:
 A = Kills in this place as a percentage of kills in entire the game.
 B = Kills by you in this place as a percentage of kills by you in the entire game.
 C = Kills by friends in this place as a percentage of kills by friends in the entire game.
 D = Other kills in this place as a percentage of other kills in the entire game.
 E = Experience gained in this place as a percentage of experience gained in the entire game.
 F = Experience gained in this place divided by the number of levels of this place that you have seen.
                   A       B       C       D       E      F
               +-------+-------+-------+-------+-------+----------------------
         Total | 100.0 | 100.0 |  -nan |  -nan | 100.0 |  16.0
       Dungeon | 100.0 | 100.0 |  -nan |  -nan | 100.0 |  16.0
               +-------+-------+-------+-------+-------+----------------------
